AoeStats
← albanplumed

Arena

504586866Analyzed
4v4 RM · 25d ago on Sep 5, 2026· 51m 15s· 8 players
Game mode
Random Map
Map size
Large (8 player)
Population
200
Speed
Normal
Resources
Standard
Victory
Conquest
Starting age
Dark Age
Ending age
Imperial Age
RankedLock teamsTeams togetherTeam positionsShared explorationLock speedFull tech treeHidden civsTurbo modeCheats
Victory
Defeat
🇺🇸 Inca · United States
1397
+15
🇨🇦 Hindustanis · Canada
1396
+15
🇻🇳 Mapuche · Vietnam
1357
+17
🇮🇳 Goths · India
1343
+17
🇹🇷 Portuguese · Türkiye
1435
-19
🇹🇷 Goths · Türkiye
1426
-18
🇹🇷 Persians · Türkiye
1348
-15
🇹🇷 Magyars · Türkiye
1279
-12
OsmanAbi
11:36 Feudal Age
16:05 Castle Age
14:07 Horse Collar
18:29 Loom
22:09 Imperial Age
19:56 Double-Bit Axe
22:14 Gold Mining
26:44 Bow Saw
28:21 Fletching
32:21 Conscription
34:40 Bodkin Arrow
35:55 Arquebus
40:14 Bracer
41:24 Elite Organ Gun
46:54 Chemistry
45:55 Town Watch
46:46 Wheelbarrow
Sem
11:01 Feudal Age
14:53 Castle Age
15:12 Horse Collar
15:18 Double-Bit Axe
18:29 Heavy Plow
21:40 Bow Saw
21:33 Loom
22:25 Wheelbarrow
23:15 Gold Mining
24:48 Stone Mining
25:40 Scale Mail Armor
25:51 Forging
25:54 Pikeman
27:34 Stone Mining
30:18 Imperial Age
27:51 Squires
28:55 Chain Mail Armor
28:50 Forging
30:36 Halberdier
34:21 Iron Casting
34:09 Conscription
33:52 Perfusion
34:12 Conscription
36:52 Blast Furnace
35:16 Man-at-Arms
35:55 Long Swordsman
36:06 Two-Handed Swordsman
36:59 Champion
37:50 Fletching
38:00 Padded Archer Armor
38:55 Bodkin Arrow
39:16 Leather Archer Armor
39:40 Bracer
39:19 Elite Skirmisher
41:09 Stone Shaft Mining
44:05 Hand Cart
43:36 Town Watch
44:33 Crop Rotation
45:10 Town Patrol
45:45 Ring Archer Armor
ysk
11:18 Feudal Age
17:23 Loom
18:21 Fletching
22:44 Double-Bit Axe
23:33 Horse Collar
28:35 Castle Age
30:05 Bow Saw
42:41 Town Watch
43:34 Wheelbarrow
45:54 Thumb Ring
46:05 Bodkin Arrow
47:55 Ballistics
albanplumed
11:11 Feudal Age
10:12 Loom
14:58 Castle Age
13:20 Double-Bit Axe
13:48 Horse Collar
15:42 Bow Saw
21:37 Wheelbarrow
23:36 Hand Cart
23:37 Heavy Plow
25:08 Stone Mining
25:08 Gold Mining
29:48 Imperial Age
28:25 Scale Barding Armor
28:31 Forging
29:07 Bloodlines
28:59 Husbandry
29:50 Town Watch
29:30 Cavalier
30:35 Chain Barding Armor
30:51 Iron Casting
31:09 Conscription
31:33 Gold Shaft Mining
31:34 Stone Shaft Mining
31:26 Thumb Ring
31:17 Elite Skirmisher
31:18 Crossbowman
31:54 Fletching
32:50 Bodkin Arrow
32:56 Padded Archer Armor
33:35 Plate Barding Armor
34:01 Blast Furnace
33:34 Ballistics
34:17 Chemistry
32:58 Light Cavalry
34:48 Ballistics
35:23 Town Patrol
35:50 Leather Archer Armor
35:48 Masonry
36:59 Savar
40:37 Hussar
43:03 Hoardings
43:48 Ring Archer Armor
45:23 Scale Mail Armor
mini_mike
11:12 Feudal Age
14:45 Castle Age
13:12 Double-Bit Axe
13:20 Horse Collar
14:36 Stone Mining
24:03 Bow Saw
23:54 Heavy Plow
23:45 Gold Mining
23:46 Stone Mining
24:35 Wheelbarrow
28:55 Imperial Age
27:05 Scale Barding Armor
28:00 Bloodlines
27:50 Husbandry
27:14 Light Cavalry
28:37 Loom
29:26 Chain Barding Armor
29:20 Forging
31:06 Plate Barding Armor
33:22 Heavy Camel Rider
42:06 Loom
51:21 Hand Cart
50:52 Town Watch
Snorkiss89
5:16 Loom
8:02 Feudal Age
13:42 Fletching
16:11 Horse Collar
18:20 Double-Bit Axe
22:05 Wheelbarrow
25:15 Castle Age
24:13 Scale Mail Armor
26:43 Bow Saw
26:33 Heavy Plow
26:54 Bodkin Arrow
32:00 Imperial Age
29:52 Gold Mining
30:13 Stone Mining
31:30 Forging
34:10 Iron Casting
34:30 Chain Mail Armor
36:20 Stone Shaft Mining
36:20 Gold Shaft Mining
36:21 Crop Rotation
36:39 Conscription
36:21 Fabric Shields
36:27 Elite Kamayuk
39:01 Blast Furnace
40:10 Plate Mail Armor
40:31 Hoardings
41:22 Siege Engineers
43:01 Coinage
44:57 Banking
46:58 Ballistics
46:42 Padded Archer Armor
46:45 Bracer
47:49 Chemistry
49:10 Hand Cart
48:40 Town Watch
49:00 Treadmill Crane
49:30 Masonry
wallnboom
12:14 Feudal Age
13:13 Double-Bit Axe
13:34 Loom
13:40 Horse Collar
16:11 Castle Age
17:15 Bow Saw
22:42 Wheelbarrow
29:01 Imperial Age
26:33 Scale Mail Armor
26:47 Heavy Plow
26:58 Pikeman
27:44 Squires
28:00 Anarchy
27:58 Gold Mining
27:59 Stone Mining
28:32 Forging
28:39 Chain Mail Armor
28:06 Man-at-Arms
30:28 Iron Casting
32:13 Elite Huskarl
33:30 Conscription
34:14 Blast Furnace
33:57 Perfusion
41:36 Long Swordsman
41:40 Pikeman
42:12 Fletching
42:22 Padded Archer Armor
42:28 Scale Barding Armor
43:55 Halberdier
43:56 Two-Handed Swordsman
45:18 Champion
49:26 Two-Man Saw
48:57 Crop Rotation
48:19 Stone Mining
48:45 Hand Cart
48:16 Town Watch
kkkkk1231231
11:05 Feudal Age
12:02 Double-Bit Axe
12:34 Horse Collar
14:55 Castle Age
15:57 Bow Saw
19:37 Wheelbarrow
22:19 Hand Cart
22:27 Gold Mining
23:59 Gold Shaft Mining
23:59 Stone Mining
24:05 Stone Mining
24:17 Heavy Plow
25:51 Stone Shaft Mining
25:01 Treadmill Crane
25:20 Fletching
25:31 Padded Archer Armor
25:40 Loom
26:44 Town Watch
29:31 Imperial Age
27:20 Fletching
27:30 Padded Archer Armor
28:12 Bodkin Arrow
28:49 Ballistics
30:06 Elite Bolas Rider
31:17 Leather Archer Armor
32:28 Malon
33:09 Conscription
34:07 Chemistry
33:58 Ring Archer Armor
34:50 Butalmapu
34:36 Elite Kona
35:58 Forging
38:05 Iron Casting
40:15 Blast Furnace
44:21 Coinage
47:35 Banking
47:06 Caravan
Connection lost

Rejoining the realm…

Still unreachable

The connection could not be restored.

Session expired

The server has moved on; the page needs a fresh start.